 Dungeon Crawl Stone Soup version 0.21-a0-426-g98080a9 (webtiles) character file.

141 kae the Insei (level 5, 0/42 HPs)
             Began as a Draconian Transmuter on Nov 7, 2017.
             Slain by a leopard gecko (1 damage)
             ... on level 3 of the Dungeon.
             The game lasted 00:02:57 (2977 turns).

kae the Insei (Draconian Transmuter)                Turns: 2977, Time: 00:02:58

Health: 0/42       AC:  5    Str: 10 (12) XL:     5   Next: 3%
Magic:  9/9        EV: 11    Int: 14      God:
Gold:   128        SH:  3    Dex: 11 (12) Spells: 8/9 levels left

rFire    . . .     SeeInvis .   e - +0 short sword
rCold    . . .     Gourm    .   k - +0 buckler
rNeg     . . .     Faith    .   (armour unavailable)
rPois    .         Spirit   .   (helmet restricted)
rElec    .         Reflect  .   (no cloak)
rCorr    .         Harm     .   (no gloves)
MR       .....                  (no boots)
Stlth    +.........             (no amulet)
HPRegen  0.14/turn              (no ring)
MPRegen  0.11/turn              (no ring)

@: lethally poisoned (0 -> -8), appendage
A: unfitting armour, horns 2, cold-blooded, AC +5
a: End Transformation


You were on level 3 of the Dungeon.
You were not hungry.
You had grown temporary horns.
You visited 1 branch of the dungeon, and saw 3 of its levels.

You collected 128 gold pieces.

Inventory:

Hand Weapons
 e - a +0 short sword (weapon)
Missiles
 a - 24 arrows
Armour
 k - a +0 buckler (worn)
Scrolls
 d - a scroll of identify {unknown}
 f - 2 scrolls of teleportation {unknown}
 h - 3 scrolls of amnesia {unknown}
 l - a scroll of fog {unknown}
 o - a scroll of enchant armour {unknown}
Books
 b - a book of Changes

   Spells                             Type                      Level
   a - Beastly Appendage              Transmutation                1
   b - Sticks to Snakes               Transmutation                2
   c - Spider Form                    Transmutation/Poison         3
   d - Ice Form                       Ice/Transmutation            4
   e - Blade Hands                    Transmutation                5
Comestibles
 c - 2 bread rations
 g - 5 fruits
 i - a meat ration
 j - 3 chunks of flesh


   Skills:
 + Level 2.3 Fighting
 - Level 1.7 Dodging
 + Level 0.4 Shields
 * Level 4.2 Unarmed Combat
 + Level 2.8 Spellcasting
 + Level 2.9 Transmutations


You had 8 spell levels left.
You knew the following spells:

 Your Spells              Type           Power        Failure   Level  Hunger
a - Beastly Appendage     Tmut           ##....       11%         1    #......


Dungeon Overview and Level Annotations

Branches:
Dungeon (3/15)

Altars:


Innate Abilities, Weirdness & Mutations

Your plain brown scales are hard. (AC +5)
You cannot fit into any form of body armour.
You are cold-blooded and may be slowed by cold attacks.
You have a pair of horns on your head.


Message History

You block the adder's attack. The leopard gecko closely misses you.
You closely miss the leopard gecko. The adder closely misses you.
The leopard gecko completely misses you.
The adder bites you.
* * * LOW HITPOINT WARNING * * *
You are lethally poisoned!
The adder poisons you!
* * * LOW HITPOINT WARNING * * *
You feel sick.
You barely miss the leopard gecko.
* * * LOW HITPOINT WARNING * * *
You feel sick. The leopard gecko bites you.
* * * LOW HITPOINT WARNING * * *
You aren't carrying any potions.
Unknown command.
Okay, then.
You closely miss the leopard gecko.
* * * LOW HITPOINT WARNING * * *
You feel sick. The leopard gecko bites you.
You die...

..............#... .#
#................ ..
#............... ...#
.(#+####)##...l. ...#
##()#...#. ....
#...#...# ... #.......#
# . #. #....####.#......
#
+....Sl@......##.#######
#...#.###.######........
#.......#.#.............
#.................[.....
#.........#.........####
#.........#.........####
####......#.............
####.................
..####...#.(.#####.....


You could see an adder and a leopard gecko.

Vanquished Creatures
  A bullfrog skeleton (D:2)
  3 adders (D:2)
  A worm (D:2)
  5 dart slugs
  A leopard gecko (D:2)
  5 orcs (D:3)
  A giant cockroach (D:2)
  6 goblins
  10 hobgoblins
  7 jackals (D:3)
  A quokka (D:2)
  5 bats
  3 frilled lizards
  6 kobolds
  7 rats
62 creatures vanquished.

Notes
Turn   | Place    | Note
-------+----------+-------------------------------------------
     0 | D:1      | kae the Draconian Transmuter began the quest for the Orb.
     0 | D:1      | Reached XP level 1. HP: 16/16 MP: 3/3
   221 | D:1      | Reached XP level 2. HP: 23/23 MP: 5/5
   335 | D:1      | You fall through a shaft!
   365 | D:2      | Reached XP level 3. HP: 9/29 MP: 6/6
  1505 | D:2      | Reached skill level 4 in Unarmed Combat
  1505 | D:2      | Reached XP level 4. HP: 15/36 MP: 5/7
  2915 | D:3      | Reached XP level 5. HP: 19/41 MP: 9/9
  2976 | D:3      | HP: 1/42 [leopard gecko (2)]
  2977 | D:3      | Slain by a leopard gecko

Vault maps used:
D:1:      minmay_arrival_checkered_box
D:2:      first_bread
D:3:      uniq_sigmund, uniq_grinder

Skill      XL: |  1  2  3 |
---------------+----------+-----
Fighting       | 2 |  2.3
Unarmed Combat | 4 |  4.2
Dodging        | |  1.7
Shields        | |  0.4
Spellcasting   | |  2.8
Transmutations | |  2.9

Action                   |  1- 3 |  4- 6 || total
-------------------------+-------+-------++-------
Melee: Unarmed           |    16 |       ||    16
       Short sword       |   116 |   141 ||   257
       Tailslap          |    17 |     9 ||    26
       Headbutt          |     3 |     2 ||     5
       Punch             |     2 |     1 ||     3
       Kick              |     3 |     1 ||     4
 Cast: Beastly Appendage |    10 |     5 ||    15
  Use: Potion            |     2 |     3 ||     5
  Eat: Chunk             |     2 |     5 ||     7
Armor: Skin              |    35 |    59 ||    94
Dodge: Dodged            |   107 |    83 ||   190
Block: Buckler           |       |    22 ||    22

Table legend:
 A = Spawn XP
 B = Non-spawn XP
 C = Spawn XP percentage of total XP
 D = Spawn monster count
 E = Non-spawn monster count
 F = Spawn count percentage of total count
 G = Total turns spent on level
                    A         B        C        D         E        F      G
               +---------+---------+-------+---------+---------+-------+---------
         Total |       0 |     202 |   0.0 |       0 |      62 |   0.0 |  2977
               +---------+---------+-------+---------+---------+-------+---------
           D:1 |       0 |      30 |   0.0 |       0 |      15 |   0.0 |   335
           D:2 |       0 |     128 |   0.0 |       0 |      26 |   0.0 |  2240
           D:3 |       0 |      44 |   0.0 |       0 |      21 |   0.0 |   402
               +---------+---------+-------+---------+---------+-------+---------
